Flyers vs Nordiques

Created - 17 octobre 2017 at 17:47

Goals
1 2 3 OT1 T
Flyers 1 2 1 0 4
Nordiques 1 2 1 1 5
Shots
1 2 3 OT1 T
Flyers 9 16 12 0 37
Nordiques 9 15 10 5 39

1st period

1. Nordiques , Connor Brown 2 (Jaromir Jagr 3, Patrik Berglund 3) at 1:56
2. Flyers , Filip Forsberg 1 (Brandon Carlo 1, Vincent Trocheck 1) at 17:51

Penalties :
No Penalty

2nd period

3. Flyers , Casey Cizikas 1 (Elias Lindholm 2) at 0:30
4. Nordiques , Sebastian Aho 2 (Ryan O'Reilly 4, Jamie Benn 2) at 5:30
5. Nordiques , Jakub Vrana 2 (Morgan Rielly 2) at 7:46
6. Flyers , Filip Forsberg 2 (P.K. Subban 2, TJ Brodie 2) at 19:38

Penalties :
No Penalty

3rd period

7. Flyers , Patrick Kane 2 (Evgeni Malkin 2) at 8:53
8. Nordiques , Jaromir Jagr 4 (Shayne Gostisbehere 5, Patrik Berglund 4) at 8:59

Penalties :
Kyle Turris (QUE) for Tripping (Minor) at 10:51, Charlie Coyle (PHI) for Tripping (Minor) at 14:55

Overtime #1

9. Nordiques , Sebastian Aho 3 (Patrik Berglund 5) at 2:31

Penalties :
No Penalty

Goalie Stats

Tristan Jarry (PHI), 34 saves from 39 shots - (0,872), OTL, 0-0-1, 62:31 minutes
Jonathan Bernier (QUE), 33 saves from 37 shots - (0,892), W, 1-0-0, 62:31 minutes

Players Stats for Flyers

Player Name              G  A  P  +/- PIM S  H  SB GA TA FO     MP     PP MP  PK MP  
------------------------------------------------------------------------------------
Artturi Lehkonen         0  0  0   0  0   5  1  0  0  0  0/0     9:12   0:00   0:31 
Brandon Carlo            0  1  1   1  0   0  1  1  0  1  0/0    19:20   0:01   0:45 
Brendan Perlini          0  0  0   0  0   0  1  0  0  0  1/1     8:41   0:00   0:00 
Calle Jarnkrok           0  0  0   1  0   3  1  1  0  0  0/0    14:17   0:00   0:26 
Casey Cizikas            1  0  1   1  0   3  2  0  1  0  0/0    14:52   0:00   1:12 
Charlie Coyle            0  0  0   2  2   0  1  1  0  1  0/0    16:30   0:22   0:00 
Darnell Nurse            0  0  0  -2  0   1  5  3  0  0  0/0    17:02   0:00   0:45 
Elias Lindholm           0  1  1   0  0   3  2  0  0  0  11/17  15:31   0:00   1:13 
Evgeni Malkin            0  1  1  -3  0   3  2  0  1  0  16/29  20:25   1:37   0:00 
Filip Forsberg           2  0  2   1  0   4  0  2  1  0  0/0    16:57   0:22   0:00 
Ivan Barbashev           0  0  0   0  0   0  0  0  0  0  4/7     8:18   0:00   0:00 
Justin Faulk             0  0  0   2  0   1  0  2  0  0  0/0    21:12   0:01   1:14 
Leon Draisaitl           0  0  0  -3  0   1  1  1  1  0  0/0    20:22   1:37   0:10 
Michael Matheson         0  0  0  -2  0   3  1  1  0  0  0/0    18:04   0:00   1:14 
P.K. Subban              0  1  1   0  0   3  2  1  1  0  0/0    24:56   1:58   0:00 
Patrick Kane             1  0  1  -3  0   3  0  0  0  0  0/0    20:16   1:37   0:00 
TJ Brodie                0  1  1   0  0   2  1  1  0  1  0/0    21:55   1:58   0:00 
Vincent Trocheck         0  1  1   2  0   2  4  0  0  1  6/13   17:43   0:22   0:26 

Players Stats for Nordiques

Player Name              G  A  P  +/- PIM S  H  SB GA TA FO     MP     PP MP  PK MP  
------------------------------------------------------------------------------------
Alexander Wennberg       0  0  0  -2  0   4  0  1  2  0  0/1    17:45   0:56   0:00 
Connor Brown             1  0  1   2  0   4  3  0  0  0  0/0    17:52   0:00   0:52 
Derek MacKenzie          0  0  0   1  0   1  2  0  0  1  0/1     8:21   0:00   1:07 
Evander Kane             0  0  0  -2  0   1  3  0  0  0  1/2    17:29   0:56   0:00 
Jakub Vrana              1  0  1   1  0   3  1  0  0  0  0/0     7:14   0:00   0:00 
Jamie Benn               0  1  1  -1  0   1  1  2  0  0  0/0    17:49   1:03   0:00 
Jared Spurgeon           0  0  0  -1  0   0  2  1  0  1  0/0    24:01   1:08   0:00 
Jaromir Jagr             1  1  2   2  0   4  1  1  0  0  0/2    16:19   0:00   0:00 
John-Michael Liles       0  0  0   0  0   1  0  0  0  1  0/0    15:08   0:00   0:47 
Kevin Klein              0  0  0   1  0   0  1  0  0  0  0/0    20:39   0:00   1:12 
Kyle Turris              0  0  0  -2  2   3  1  0  1  0  5/12   18:25   0:56   0:00 
Luke Glendening          0  0  0   1  0   1  1  1  1  0  4/4     8:21   0:00   1:07 
Morgan Rielly            0  1  1   0  0   3  1  1  0  1  0/0    25:42   0:51   1:12 
Patrik Berglund          0  3  3   3  0   3  2  1  0  0  11/20  18:36   0:00   0:52 
Ryan O'Reilly            0  1  1  -1  0   2  0  0  0  0  8/22   17:49   1:03   0:00 
Sebastian Aho            2  0  2   0  0   3  3  0  0  0  0/3    17:02   1:03   0:00 
Shayne Gostisbehere      0  1  1   1  0   2  0  2  0  1  0/0    20:51   1:08   0:00 
Tom Gilbert              0  0  0   0  0   3  1  0  0  0  0/0    16:10   0:51   0:47 

3 Stars

1 - Patrik Berglund (QUE)
2 - Sebastian Aho (QUE)
3 - Jaromir Jagr (QUE)

Power Play

Flyers - 0 on 1 Attempt(s) - 0,00%
Nordiques - 0 on 1 Attempt(s) - 0,00%

Penalty Kill

Flyers - 1 on 1 Attempt(s) - 100,00% - Score 0 goal in Penalty Kill
Nordiques - 1 on 1 Attempt(s) - 100,00% - Score 0 goal in Penalty Kill

Team Stat

Flyers - Hits : 25 - Faceoff Wins : 38 - Blocked Shots : 14 - Penalty Minutes : 2
Nordiques - Hits : 23 - Faceoff Wins : 29 - Blocked Shots : 10 - Penalty Minutes : 2

Official

Referees : Jacob Brenk and Tom Kowal
Linesman : Mike Cvik and Darren Gibbs

Game Notes

TJ Brodie is injured at 14:33 of 3rd period (Upper Body)

Finance

Level 1 -- Attendance: 6000 (100,00%) -- Ticket Income 480 000 $
Level 2 -- Attendance: 4937 (98,74%) -- Ticket Income 246 850 $
Level 3 -- Attendance: 2000 (100,00%) -- Ticket Income 50 000 $
Level 4 -- Attendance: 4000 (100,00%) -- Ticket Income 40 000 $
Luxury Box -- Attendance: 1000 (100,00%) -- Ticket Income 160 000 $
Game was played at the Colisee.
Total Attendance: 17937 (99,65%)
Total Ticket Income: 976 850 $
Other Income: 478 656 $
Total Income: 1 455 506 $

Flyers

5 vs 5 Forward 
   Center                   Left Wing                Right Wing               Time % Phy DF OF 
 1 Evgeni Malkin            Patrick Kane             Leon Draisaitl           33     0   2  3  
 2 Vincent Trocheck         Filip Forsberg           Charlie Coyle            30     0   2  3  
 3 Elias Lindholm           Casey Cizikas            Calle Jarnkrok           27     0   3  2  
 4 Ivan Barbashev           Brendan Perlini          Artturi Lehkonen         10     0   3  2  

5 vs 5 Defense 
   Defense                  Defense                                           Time % Phy DF OF 
 1 P.K. Subban              TJ Brodie                                         37     0   4  1  
 2 Justin Faulk             Brandon Carlo                                     34     0   4  1  
 3 Michael Matheson         Darnell Nurse                                     29     0   4  1  
 4 P.K. Subban              TJ Brodie                                         0      1   2  2  

PowerPlay Forward 
   Center                   Left Wing                Right Wing               Time % Phy DF OF 
 1 Evgeni Malkin            Patrick Kane             Leon Draisaitl           60     0   0  5  
 2 Vincent Trocheck         Charlie Coyle            Filip Forsberg           40     0   0  5  

PowerPlay Defense
   Defense                  Defense                                           Time % Phy DF OF 
 1 P.K. Subban              TJ Brodie                                         60     0   1  4  
 2 Justin Faulk             Brandon Carlo                                     40     0   1  4  

Penalty Kill 4 Players Forward 
   Center                   Wing                     Time % Phy DF OF 
 1 Elias Lindholm           Casey Cizikas            60     0   5  0  
 2 Vincent Trocheck         Calle Jarnkrok           40     0   5  0  

Penalty Kill 4 Players Defense
   Defense                  Defense                  Time % Phy DF OF 
 1 Justin Faulk             Michael Matheson         60     0   5  0  
 2 Darnell Nurse            Brandon Carlo            40     0   5  0  

Penalty Kill - 3 Players Forward 
   Forward                                           Time % Phy DF OF 
 1 Casey Cizikas                                     60     0   5  0  
 2 Calle Jarnkrok                                    40     0   5  0  

Penalty Kill - 3 Players Defense
   Defense                  Defense                  Time % Phy DF OF 
 1 P.K. Subban              Michael Matheson         60     0   5  0  
 2 Justin Faulk             Brandon Carlo            40     0   5  0  

4 vs 4 Forward 
   Center                   Wing                     Time % Phy DF OF 
 1 Evgeni Malkin            Patrick Kane             60     0   3  2  
 2 Vincent Trocheck         Leon Draisaitl           40     0   3  2  

4 vs 4 Defense
   Defense                  Defense                  Time % Phy DF OF 
 1 P.K. Subban              TJ Brodie                60     0   4  1  
 2 Justin Faulk             Brandon Carlo            40     0   4  1  

Last Minutes Offensive
   Center                   Left Wing                Right Wing               Defense                  Defense                  
   Evgeni Malkin            Patrick Kane             Vincent Trocheck         P.K. Subban              TJ Brodie                

Last Minutes Defensive
   Center                   Left Wing                Right Wing               Defense                  Defense                  
   Elias Lindholm           Filip Forsberg           Vincent Trocheck         P.K. Subban              TJ Brodie                

Goaltenders
Starting : Tristan Jarry            
Backup : Matt Murray              

Extra Forwards
Normal : Calle Jarnkrok, Brendan Perlini, Artturi Lehkonen - PP : Elias Lindholm, Brendan Perlini - PK : Artturi Lehkonen
Extra Defensemen
Normal : Michael Matheson, Darnell Nurse, Justin Faulk - PP : Michael Matheson - PK : Darnell Nurse, Justin Faulk
Penalty Shots
Evgeni Malkin, Patrick Kane, Vincent Trocheck, Leon Draisaitl, Filip Forsberg
Custom OT Lines Forwards
Evgeni Malkin, Patrick Kane, Vincent Trocheck, Leon Draisaitl, Filip Forsberg, Elias Lindholm, Calle Jarnkrok, Charlie Coyle, Brendan Perlini, Artturi Lehkonen
Custom OT Lines Defensemen
P.K. Subban, TJ Brodie, Justin Faulk, Brandon Carlo, Michael Matheson

Scratches
Travis Konecny (Healthy), Borna Rendulic (Healthy), Cody Corbett (Healthy), Cole Schneider (Healthy), Daniel Catenacci (Healthy)
Danny Kristo (Healthy)

Nordiques

5 vs 5 Forward 
   Center                   Left Wing                Right Wing               Time % Phy DF OF 
 1 Ryan O'Reilly            Jamie Benn               Sebastian Aho            30     0   2  3  
 2 Kyle Turris              Evander Kane             Alexander Wennberg       30     0   3  2  
 3 Patrik Berglund          Jaromir Jagr             Connor Brown             30     0   2  3  
 4 Luke Glendening          Derek MacKenzie          Jakub Vrana              10     1   2  2  

5 vs 5 Defense 
   Defense                  Defense                                           Time % Phy DF OF 
 1 Jared Spurgeon           Morgan Rielly                                     40     1   1  3  
 2 Shayne Gostisbehere      Kevin Klein                                       35     1   3  1  
 3 John-Michael Liles       Tom Gilbert                                       25     1   3  1  
 4 Jared Spurgeon           Morgan Rielly                                     0      1   2  2  

PowerPlay Forward 
   Center                   Left Wing                Right Wing               Time % Phy DF OF 
 1 Ryan O'Reilly            Jamie Benn               Sebastian Aho            60     1   1  3  
 2 Kyle Turris              Evander Kane             Alexander Wennberg       40     1   1  3  

PowerPlay Defense
   Defense                  Defense                                           Time % Phy DF OF 
 1 Jared Spurgeon           Shayne Gostisbehere                               60     1   1  3  
 2 Morgan Rielly            Tom Gilbert                                       40     1   1  3  

Penalty Kill 4 Players Forward 
   Center                   Wing                     Time % Phy DF OF 
 1 Patrik Berglund          Connor Brown             50     1   3  1  
 2 Luke Glendening          Derek MacKenzie          50     1   3  1  

Penalty Kill 4 Players Defense
   Defense                  Defense                  Time % Phy DF OF 
 1 Kevin Klein              Morgan Rielly            60     1   3  1  
 2 John-Michael Liles       Tom Gilbert              40     1   3  1  

Penalty Kill - 3 Players Forward 
   Forward                                           Time % Phy DF OF 
 1 Ryan O'Reilly                                     50     1   3  1  
 2 Luke Glendening                                   50     1   3  1  

Penalty Kill - 3 Players Defense
   Defense                  Defense                  Time % Phy DF OF 
 1 Jared Spurgeon           Morgan Rielly            60     1   3  1  
 2 Kevin Klein              Tom Gilbert              40     1   3  1  

4 vs 4 Forward 
   Center                   Wing                     Time % Phy DF OF 
 1 Ryan O'Reilly            Jamie Benn               60     0   2  3  
 2 Kyle Turris              Alexander Wennberg       40     0   3  2  

4 vs 4 Defense
   Defense                  Defense                  Time % Phy DF OF 
 1 Jared Spurgeon           Morgan Rielly            60     1   2  2  
 2 Shayne Gostisbehere      Kevin Klein              40     1   3  1  

Last Minutes Offensive
   Center                   Left Wing                Right Wing               Defense                  Defense                  
   Ryan O'Reilly            Jamie Benn               Sebastian Aho            Jared Spurgeon           Shayne Gostisbehere      

Last Minutes Defensive
   Center                   Left Wing                Right Wing               Defense                  Defense                  
   Ryan O'Reilly            Jamie Benn               Connor Brown             Jared Spurgeon           Morgan Rielly            

Goaltenders
Starting : Jonathan Bernier         
Backup : Roberto Luongo           

Extra Forwards
Normal : Kyle Turris, Alexander Wennberg, Evander Kane - PP : Jaromir Jagr, Patrik Berglund - PK : Ryan O'Reilly
Extra Defensemen
Normal : John-Michael Liles, Tom Gilbert, Kevin Klein - PP : Morgan Rielly - PK : Jared Spurgeon, Shayne Gostisbehere
Penalty Shots
Patrik Berglund, Kyle Turris, Sebastian Aho, Jamie Benn, Ryan O'Reilly
Custom OT Lines Forwards
Jamie Benn, Ryan O'Reilly, Kyle Turris, Alexander Wennberg, Patrik Berglund, Sebastian Aho, Evander Kane, Jaromir Jagr, Connor Brown, Luke Glendening
Custom OT Lines Defensemen
Jared Spurgeon, Morgan Rielly, Shayne Gostisbehere, Kevin Klein, John-Michael Liles

Scratches
Paul Carey (Healthy), Chris VandeVelde (Healthy), Korbinian Holzer (Healthy)

% Time on Ice - Flyers

Lines # - Real PCT - Wanted PCT - Time Play
Normal Forward
1 - 33% - 33% - 18:19
2 - 28% - 30% - 15:57
3 - 24% - 27% - 13:28
4 - 15% - 10% - 8:18
Normal Defense
1 - 40% - 37% - 22:18
2 - 31% - 34% - 17:28
3 - 27% - 29% - 15:10
4 - 2% - 0% - 1:06
PP Forward
1 - 82% - 60% - 1:37
2 - 18% - 40% - 0:22
PP Defense
1 - 99% - 60% - 1:58
2 - 1% - 40% - 0:01
PK Forward
1 - 78% - 60% - 1:33
2 - 22% - 40% - 0:26
PK Defense
1 - 62% - 60% - 1:14
2 - 38% - 40% - 0:45
PK3 Forward
1 - 0% - 60%
2 - 0% - 40%
PK3 Defense
1 - 0% - 60%
2 - 0% - 40%
44 Forward
1 - 0% - 60%
2 - 0% - 40%
44 Defense
1 - 0% - 60%
2 - 0% - 40%
Last Minute Offensive  - 0:00
Last Minute Defensive  - 0:00
Total
Forward - 60:00
Defense - 60:00

% Time on Ice - Nordiques

Lines # - Real PCT - Wanted PCT - Time Play
Normal Forward
1 - 29% - 30% - 16:28
2 - 29% - 30% - 16:01
3 - 29% - 30% - 16:19
4 - 13% - 10% - 7:14
Normal Defense
1 - 41% - 40% - 22:44
2 - 34% - 35% - 18:57
3 - 26% - 25% - 14:21
4 - 0% - 0% - 0:00
PP Forward
1 - 53% - 60% - 1:03
2 - 47% - 40% - 0:56
PP Defense
1 - 57% - 60% - 1:08
2 - 43% - 40% - 0:51
PK Forward
1 - 44% - 50% - 0:52
2 - 56% - 50% - 1:07
PK Defense
1 - 61% - 60% - 1:12
2 - 39% - 40% - 0:47
PK3 Forward
1 - 0% - 50%
2 - 0% - 50%
PK3 Defense
1 - 0% - 60%
2 - 0% - 40%
44 Forward
1 - 0% - 60%
2 - 0% - 40%
44 Defense
1 - 0% - 60%
2 - 0% - 40%
Last Minute Offensive  - 0:00
Last Minute Defensive  - 0:00
Total
Forward - 60:00
Defense - 60:00

Play by Play

1st period


0:01 of 1st period - Evgeni Malkin wins face-off versus Ryan O'Reilly in neutral zone.
0:32 of 1st period - Snap shot by Elias Lindholm.
0:32 of 1st period - Shot Blocked by Jared Spurgeon.
0:34 of 1st period - Slapshot by P.K. Subban.
0:34 of 1st period - Shot Blocked by Jamie Benn.
0:36 of 1st period - Snap shot by Calle Jarnkrok.
0:36 of 1st period - Stopped by Jonathan Bernier without a rebound.
0:37 of 1st period - Vincent Trocheck wins face-off versus Kyle Turris in Nordiques zone.
0:42 of 1st period - Slapshot by Vincent Trocheck.
0:42 of 1st period - Stopped by Jonathan Bernier without a rebound.
0:43 of 1st period - Vincent Trocheck wins face-off versus Kyle Turris in Nordiques zone.
1:48 of 1st period - Snap shot by Jaromir Jagr.
1:48 of 1st period - Stopped by Tristan Jarry with a rebound.
1:56 of 1st period - Wrist shot by Connor Brown.
1:56 of 1st period - Goal by Connor Brown - Flyers : 0 - Nordiques : 1.
1:57 of 1st period - Luke Glendening wins face-off versus Elias Lindholm in neutral zone.
2:00 of 1st period - Calle Jarnkrok is hit by Derek MacKenzie and loses puck.
2:27 of 1st period - Off-side.
2:28 of 1st period - Kyle Turris wins face-off versus Vincent Trocheck in neutral zone.
4:00 of 1st period - TJ Brodie is hit by Kyle Turris and loses puck.
4:05 of 1st period - Snap shot by Alexander Wennberg.
4:05 of 1st period - Stopped by Tristan Jarry with a rebound.
4:48 of 1st period - Wrist shot by Patrik Berglund.
4:48 of 1st period - Shot Blocked by Darnell Nurse.
4:50 of 1st period - Slapshot by Tom Gilbert.
4:50 of 1st period - Stopped by Tristan Jarry with a rebound.
5:50 of 1st period - Snap shot by Evgeni Malkin.
5:50 of 1st period - Shot Misses the Net.
6:30 of 1st period - Slapshot by Shayne Gostisbehere.
6:30 of 1st period - Shot Misses the Net.
6:32 of 1st period - Wrist shot by Luke Glendening.
6:32 of 1st period - Deflect By TJ Brodie.
6:32 of 1st period - Stopped by Tristan Jarry with a rebound.
6:50 of 1st period - Leon Draisaitl is hit by Sebastian Aho and loses puck.
7:23 of 1st period - Icing by Jared Spurgeon.
7:24 of 1st period - Elias Lindholm wins face-off versus Evander Kane in Nordiques zone.
7:29 of 1st period - Snap shot by Calle Jarnkrok.
7:29 of 1st period - Shot Misses the Net.
7:31 of 1st period - Slapshot by Calle Jarnkrok.
7:31 of 1st period - Stopped by Jonathan Bernier without a rebound.
7:32 of 1st period - Patrik Berglund wins face-off versus Elias Lindholm in Nordiques zone.
8:51 of 1st period - Slapshot by Jakub Vrana.
8:51 of 1st period - Shot Blocked by Calle Jarnkrok.
8:53 of 1st period - Wrist shot by Derek MacKenzie.
8:53 of 1st period - Stopped by Tristan Jarry without a rebound.
8:54 of 1st period - Luke Glendening wins face-off versus Elias Lindholm in Flyers zone.
8:54 of 1st period - Jared Spurgeon is hit by Darnell Nurse and loses puck.
9:01 of 1st period - Slapshot by Jakub Vrana.
9:01 of 1st period - Stopped by Tristan Jarry without a rebound.
9:02 of 1st period - Patrik Berglund wins face-off versus Evgeni Malkin in Flyers zone.
9:31 of 1st period - Slapshot by Calle Jarnkrok.
9:31 of 1st period - Stopped by Jonathan Bernier without a rebound.
9:32 of 1st period - Elias Lindholm wins face-off versus Ryan O'Reilly in Nordiques zone.
9:35 of 1st period - Snap shot by Calle Jarnkrok.
9:35 of 1st period - Shot Misses the Net.
9:45 of 1st period - Wrist shot by Ryan O'Reilly.
9:45 of 1st period - Shot Blocked by P.K. Subban.
9:47 of 1st period - Slapshot by Tom Gilbert.
9:47 of 1st period - Stopped by Tristan Jarry without a rebound.
9:48 of 1st period - Vincent Trocheck wins face-off versus Kyle Turris in Flyers zone.
9:59 of 1st period - Snap shot by Filip Forsberg.
9:59 of 1st period - Shot Misses the Net.
11:09 of 1st period - Icing by Artturi Lehkonen.
11:10 of 1st period - Ivan Barbashev wins face-off versus Patrik Berglund in Flyers zone.
11:10 of 1st period - Ivan Barbashev is hit by Connor Brown.
11:45 of 1st period - Snap shot by Charlie Coyle.
11:45 of 1st period - Shot Blocked by Jamie Benn.
12:32 of 1st period - Snap shot by Elias Lindholm.
12:32 of 1st period - Shot Misses the Net.
12:44 of 1st period - Connor Brown is hit by TJ Brodie and loses puck.
13:17 of 1st period - John-Michael Liles is hit by Evgeni Malkin and loses puck.
13:24 of 1st period - Slapshot by Patrick Kane.
13:24 of 1st period - Shot Misses the Net.
13:26 of 1st period - Slapshot by Michael Matheson.
13:26 of 1st period - Stopped by Jonathan Bernier without a rebound.
13:27 of 1st period - Vincent Trocheck wins face-off versus Patrik Berglund in Nordiques zone.
13:28 of 1st period - Wrist shot by Filip Forsberg.
13:28 of 1st period - Stopped by Jonathan Bernier with a rebound.
13:38 of 1st period - Slapshot by Jaromir Jagr.
13:38 of 1st period - Shot Misses the Net.
13:40 of 1st period - Wrist shot by Patrik Berglund.
13:40 of 1st period - Shot Misses the Net.
13:42 of 1st period - Wrist shot by Connor Brown.
13:42 of 1st period - Shot Misses the Net.
14:16 of 1st period - Backhand shot by Kyle Turris.
14:16 of 1st period - Shot Blocked by Brandon Carlo.
14:18 of 1st period - Slapshot by Kyle Turris.
14:18 of 1st period - Deflect By Alexander Wennberg.
14:18 of 1st period - Shot Blocked by Justin Faulk.
14:18 of 1st period - Puck is out of play.
14:19 of 1st period - Evander Kane wins face-off versus Vincent Trocheck in Flyers zone.
14:36 of 1st period - Slapshot by Kyle Turris.
14:36 of 1st period - Stopped by Tristan Jarry with a rebound.
15:02 of 1st period - P.K. Subban is hit by Evander Kane and loses puck.
15:31 of 1st period - Vincent Trocheck is hit by Morgan Rielly and loses puck.
16:25 of 1st period - Snap shot by Charlie Coyle.
16:25 of 1st period - Shot Misses the Net.
16:27 of 1st period - Slapshot by Brandon Carlo.
16:27 of 1st period - Shot Misses the Net.
16:47 of 1st period - Snap shot by Filip Forsberg.
16:47 of 1st period - Stopped by Jonathan Bernier with a rebound.
16:49 of 1st period - Backhand shot by Justin Faulk.
16:49 of 1st period - Stopped by Jonathan Bernier with a rebound.
16:51 of 1st period - Slapshot by Brandon Carlo.
16:51 of 1st period - Shot Misses the Net.
17:29 of 1st period - Snap shot by Alexander Wennberg.
17:29 of 1st period - Shot Misses the Net.
17:49 of 1st period - Snap shot by Vincent Trocheck.
17:49 of 1st period - Shot Hit the Post.
17:51 of 1st period - Snap shot by Brandon Carlo.
17:51 of 1st period - Deflect By Filip Forsberg.
17:51 of 1st period - Goal by Filip Forsberg - Flyers : 1 - Nordiques : 1.
17:52 of 1st period - Evgeni Malkin wins face-off versus Patrik Berglund in neutral zone.
18:42 of 1st period - Artturi Lehkonen is hit by Jakub Vrana and loses puck.
19:01 of 1st period - Michael Matheson is hit by Kevin Klein.
19:19 of 1st period - Ryan O'Reilly is hit by Elias Lindholm and loses puck.
19:51 of 1st period - Kevin Klein is hit by Darnell Nurse.
Goals for this period are 1 for Flyers vs 1 for Nordiques.
Shots for this period are 9 for Flyers vs 9 for Nordiques.

2nd period


0:01 of 2nd period - Patrik Berglund wins face-off versus Evgeni Malkin in neutral zone.
0:04 of 2nd period - Slapshot by Shayne Gostisbehere.
0:04 of 2nd period - Stopped by Tristan Jarry without a rebound.
0:05 of 2nd period - Evgeni Malkin wins face-off versus Patrik Berglund in Flyers zone.
0:22 of 2nd period - Snap shot by Patrick Kane.
0:22 of 2nd period - Deflect By Evgeni Malkin.
0:22 of 2nd period - Shot Misses the Net.
0:22 of 2nd period - Puck is out of play.
0:23 of 2nd period - Elias Lindholm wins face-off versus Ryan O'Reilly in Nordiques zone.
0:30 of 2nd period - Snap shot by Casey Cizikas.
0:30 of 2nd period - Goal by Casey Cizikas - Flyers : 2 - Nordiques : 1.
0:31 of 2nd period - Ryan O'Reilly wins face-off versus Evgeni Malkin in neutral zone.
0:40 of 2nd period - Sebastian Aho is hit by P.K. Subban.
1:24 of 2nd period - Wrist shot by Artturi Lehkonen.
1:24 of 2nd period - Stopped by Jonathan Bernier with a rebound.
1:26 of 2nd period - Slapshot by P.K. Subban.
1:26 of 2nd period - Stopped by Jonathan Bernier with a rebound.
1:28 of 2nd period - Slapshot by Artturi Lehkonen.
1:28 of 2nd period - Shot Blocked by Morgan Rielly.
1:30 of 2nd period - Slapshot by Brendan Perlini.
1:30 of 2nd period - Shot Misses the Net.
1:46 of 2nd period - Wrist shot by Ryan O'Reilly.
1:46 of 2nd period - Stopped by Tristan Jarry with a rebound.
1:48 of 2nd period - Wrist shot by Ryan O'Reilly.
1:48 of 2nd period - Shot Blocked by Filip Forsberg.
1:50 of 2nd period - Slapshot by Morgan Rielly.
1:50 of 2nd period - Deflect By Vincent Trocheck.
1:50 of 2nd period - Stopped by Tristan Jarry without a rebound.
1:51 of 2nd period - Patrik Berglund wins face-off versus Evgeni Malkin in Flyers zone.
2:20 of 2nd period - Brandon Carlo is hit by Tom Gilbert and loses puck.
2:37 of 2nd period - John-Michael Liles is hit by Darnell Nurse.
2:47 of 2nd period - Snap shot by Jakub Vrana.
2:47 of 2nd period - Stopped by Tristan Jarry without a rebound.
2:48 of 2nd period - Evgeni Malkin wins face-off versus Patrik Berglund in Flyers zone.
2:48 of 2nd period - Evgeni Malkin is hit by Patrik Berglund.
2:54 of 2nd period - Snap shot by Evgeni Malkin.
2:54 of 2nd period - Shot Hit the Post.
2:56 of 2nd period - Slapshot by Michael Matheson.
2:56 of 2nd period - Stopped by Jonathan Bernier without a rebound.
2:57 of 2nd period - Evgeni Malkin wins face-off versus Patrik Berglund in Nordiques zone.
3:00 of 2nd period - Wrist shot by Patrick Kane.
3:00 of 2nd period - Stopped by Jonathan Bernier with a rebound.
3:02 of 2nd period - Snap shot by Leon Draisaitl.
3:02 of 2nd period - Stopped by Jonathan Bernier with a rebound.
3:04 of 2nd period - Backhand shot by Darnell Nurse.
3:04 of 2nd period - Stopped by Jonathan Bernier without a rebound.
3:05 of 2nd period - Ryan O'Reilly wins face-off versus Evgeni Malkin in Nordiques zone.
3:32 of 2nd period - Casey Cizikas is hit by Jaromir Jagr and loses puck.
3:39 of 2nd period - Wrist shot by Patrik Berglund.
3:39 of 2nd period - Shot Blocked by Darnell Nurse.
4:01 of 2nd period - Charlie Coyle is hit by Jared Spurgeon and loses puck.
4:08 of 2nd period - Jared Spurgeon is hit by Vincent Trocheck and loses puck.
4:30 of 2nd period - Luke Glendening is hit by Vincent Trocheck.
4:49 of 2nd period - Snap shot by Filip Forsberg.
4:49 of 2nd period - Shot Misses the Net.
4:51 of 2nd period - Wrist shot by Vincent Trocheck.
4:51 of 2nd period - Stopped by Jonathan Bernier without a rebound.
4:52 of 2nd period - Patrik Berglund wins face-off versus Evgeni Malkin in Nordiques zone.
5:04 of 2nd period - Wrist shot by Jaromir Jagr.
5:04 of 2nd period - Shot Misses the Net.
5:06 of 2nd period - Snap shot by John-Michael Liles.
5:06 of 2nd period - Stopped by Tristan Jarry without a rebound.
5:07 of 2nd period - Elias Lindholm wins face-off versus Ryan O'Reilly in Flyers zone.
5:14 of 2nd period - Snap shot by Elias Lindholm.
5:14 of 2nd period - Shot Misses the Net.
5:16 of 2nd period - Wrist shot by Casey Cizikas.
5:16 of 2nd period - Shot Misses the Net.
5:18 of 2nd period - Wrist shot by Calle Jarnkrok.
5:18 of 2nd period - Deflect By Elias Lindholm.
5:18 of 2nd period - Shot Misses the Net.
5:18 of 2nd period - Puck is out of play.
5:19 of 2nd period - Ryan O'Reilly wins face-off versus Evgeni Malkin in Nordiques zone.
5:30 of 2nd period - Snap shot by Sebastian Aho.
5:30 of 2nd period - Goal by Sebastian Aho - Flyers : 2 - Nordiques : 2.
5:31 of 2nd period - Patrik Berglund wins face-off versus Elias Lindholm in neutral zone.
5:38 of 2nd period - Wrist shot by Jaromir Jagr.
5:38 of 2nd period - Stopped by Tristan Jarry with a rebound.
5:56 of 2nd period - Ryan O'Reilly is hit by Michael Matheson and loses puck.
6:21 of 2nd period - Snap shot by Alexander Wennberg.
6:21 of 2nd period - Stopped by Tristan Jarry with a rebound.
6:23 of 2nd period - Slapshot by Morgan Rielly.
6:23 of 2nd period - Shot Misses the Net.
6:25 of 2nd period - Snap shot by Kyle Turris.
6:25 of 2nd period - Shot Misses the Net.
6:27 of 2nd period - Slapshot by Jared Spurgeon.
6:27 of 2nd period - Shot Misses the Net.
6:37 of 2nd period - Backhand shot by Jakub Vrana.
6:37 of 2nd period - Deflect By Derek MacKenzie.
6:37 of 2nd period - Shot Misses the Net.
6:37 of 2nd period - Puck is out of play.
6:38 of 2nd period - Luke Glendening wins face-off versus Vincent Trocheck in Flyers zone.
6:39 of 2nd period - Snap shot by Jakub Vrana.
6:39 of 2nd period - Shot Misses the Net.
6:45 of 2nd period - Filip Forsberg is hit by Derek MacKenzie.
7:05 of 2nd period - Ryan O'Reilly is hit by Vincent Trocheck.
7:46 of 2nd period - Wrist shot by Jakub Vrana.
7:46 of 2nd period - Goal by Jakub Vrana - Flyers : 2 - Nordiques : 3.
7:47 of 2nd period - Elias Lindholm wins face-off versus Patrik Berglund in neutral zone.
7:50 of 2nd period - Patrik Berglund is hit by Casey Cizikas and loses puck.
8:03 of 2nd period - Snap shot by Elias Lindholm.
8:03 of 2nd period - Stopped by Jonathan Bernier with a rebound.
8:37 of 2nd period - P.K. Subban is hit by Sebastian Aho and loses puck.
9:11 of 2nd period - Off-side.
9:12 of 2nd period - Ryan O'Reilly wins face-off versus Ivan Barbashev in neutral zone.
9:27 of 2nd period - Snap shot by Ivan Barbashev.
9:27 of 2nd period - Deflect By Brendan Perlini.
9:27 of 2nd period - Shot Misses the Net.
9:27 of 2nd period - Puck is out of play.
9:28 of 2nd period - Elias Lindholm wins face-off versus Jaromir Jagr in Nordiques zone.
9:39 of 2nd period - Casey Cizikas is hit by Connor Brown and loses puck.
9:59 of 2nd period - Slapshot by Morgan Rielly.
9:59 of 2nd period - Stopped by Tristan Jarry without a rebound.
10:00 of 2nd period - Evgeni Malkin wins face-off versus Sebastian Aho in Flyers zone.
10:05 of 2nd period - Backhand shot by Evgeni Malkin.
10:05 of 2nd period - Stopped by Jonathan Bernier without a rebound.
10:06 of 2nd period - Evgeni Malkin wins face-off versus Ryan O'Reilly in Nordiques zone.
10:35 of 2nd period - Wrist shot by Casey Cizikas.
10:35 of 2nd period - Shot Blocked by Patrik Berglund.
10:37 of 2nd period - Slapshot by Michael Matheson.
10:37 of 2nd period - Stopped by Jonathan Bernier without a rebound.
10:38 of 2nd period - Elias Lindholm wins face-off versus Kyle Turris in Nordiques zone.
10:45 of 2nd period - Wrist shot by Elias Lindholm.
10:45 of 2nd period - Stopped by Jonathan Bernier without a rebound.
10:46 of 2nd period - Kyle Turris wins face-off versus Evgeni Malkin in Nordiques zone.
10:51 of 2nd period - Evgeni Malkin is hit by Evander Kane and loses puck.
11:00 of 2nd period - Slapshot by Kyle Turris.
11:00 of 2nd period - Stopped by Tristan Jarry with a rebound.
11:02 of 2nd period - Snap shot by Evander Kane.
11:02 of 2nd period - Stopped by Tristan Jarry without a rebound.
11:03 of 2nd period - Elias Lindholm wins face-off versus Ryan O'Reilly in Flyers zone.
11:18 of 2nd period - Snap shot by Elias Lindholm.
11:18 of 2nd period - Shot Misses the Net.
12:39 of 2nd period - Tom Gilbert is hit by Calle Jarnkrok and loses puck.
13:54 of 2nd period - Wrist shot by Patrik Berglund.
13:54 of 2nd period - Deflect By Jaromir Jagr.
13:54 of 2nd period - Stopped by Tristan Jarry with a rebound.
14:25 of 2nd period - Shayne Gostisbehere is hit by Vincent Trocheck.
14:34 of 2nd period - Vincent Trocheck is hit by Luke Glendening and loses puck.
14:54 of 2nd period - Morgan Rielly is hit by P.K. Subban and loses puck.
15:03 of 2nd period - TJ Brodie is hit by Connor Brown and loses puck.
15:14 of 2nd period - Wrist shot by Evgeni Malkin.
15:14 of 2nd period - Shot Misses the Net.
15:22 of 2nd period - P.K. Subban is hit by Jamie Benn and loses puck.
15:41 of 2nd period - Slapshot by Alexander Wennberg.
15:41 of 2nd period - Stopped by Tristan Jarry without a rebound.
15:42 of 2nd period - Vincent Trocheck wins face-off versus Kyle Turris in Flyers zone.
15:52 of 2nd period - Alexander Wennberg is hit by Charlie Coyle and loses puck.
17:42 of 2nd period - Slapshot by Justin Faulk.
17:42 of 2nd period - Shot Misses the Net.
17:48 of 2nd period - Brendan Perlini is hit by Patrik Berglund.
17:52 of 2nd period - Slapshot by Artturi Lehkonen.
17:52 of 2nd period - Stopped by Jonathan Bernier with a rebound.
18:12 of 2nd period - Snap shot by Elias Lindholm.
18:12 of 2nd period - Shot Misses the Net.
18:14 of 2nd period - Snap shot by Casey Cizikas.
18:14 of 2nd period - Shot Misses the Net.
18:16 of 2nd period - Slapshot by Casey Cizikas.
18:16 of 2nd period - Stopped by Jonathan Bernier without a rebound.
18:17 of 2nd period - Patrik Berglund wins face-off versus Elias Lindholm in Nordiques zone.
18:33 of 2nd period - Slapshot by P.K. Subban.
18:33 of 2nd period - Shot Blocked by Shayne Gostisbehere.
18:35 of 2nd period - Slapshot by TJ Brodie.
18:35 of 2nd period - Stopped by Jonathan Bernier with a rebound.
18:37 of 2nd period - Slapshot by TJ Brodie.
18:37 of 2nd period - Shot Blocked by Jaromir Jagr.
19:00 of 2nd period - Snap shot by Jaromir Jagr.
19:00 of 2nd period - Shot Blocked by Darnell Nurse.
19:02 of 2nd period - Slapshot by Patrik Berglund.
19:02 of 2nd period - Shot Misses the Net.
19:04 of 2nd period - Snap shot by Connor Brown.
19:04 of 2nd period - Stopped by Tristan Jarry without a rebound.
19:05 of 2nd period - Evgeni Malkin wins face-off versus Sebastian Aho in Flyers zone.
19:38 of 2nd period - Snap shot by Filip Forsberg.
19:38 of 2nd period - Goal by Filip Forsberg - Flyers : 3 - Nordiques : 3.
19:39 of 2nd period - Ryan O'Reilly wins face-off versus Evgeni Malkin in neutral zone.
Goals for this period are 2 for Flyers vs 2 for Nordiques.
Shots for this period are 16 for Flyers vs 15 for Nordiques.

3rd period


0:01 of 3rd period - Kyle Turris wins face-off versus Evgeni Malkin in neutral zone.
1:09 of 3rd period - Icing by Luke Glendening.
1:10 of 3rd period - Luke Glendening wins face-off versus Ivan Barbashev in Nordiques zone.
1:47 of 3rd period - Slapshot by Justin Faulk.
1:47 of 3rd period - Deflect By Elias Lindholm.
1:47 of 3rd period - Shot Misses the Net.
1:47 of 3rd period - Puck is out of play.
1:48 of 3rd period - Evgeni Malkin wins face-off versus Alexander Wennberg in Nordiques zone.
2:01 of 3rd period - Slapshot by Alexander Wennberg.
2:01 of 3rd period - Stopped by Tristan Jarry without a rebound.
2:02 of 3rd period - Evgeni Malkin wins face-off versus Sebastian Aho in Flyers zone.
2:10 of 3rd period - Slapshot by P.K. Subban.
2:10 of 3rd period - Stopped by Jonathan Bernier with a rebound.
3:14 of 3rd period - Snap shot by Brendan Perlini.
3:14 of 3rd period - Deflect By Artturi Lehkonen.
3:14 of 3rd period - Stopped by Jonathan Bernier without a rebound.
3:15 of 3rd period - Brendan Perlini wins face-off versus Kyle Turris in Nordiques zone.
3:16 of 3rd period - Wrist shot by Artturi Lehkonen.
3:16 of 3rd period - Stopped by Jonathan Bernier without a rebound.
3:17 of 3rd period - Evgeni Malkin wins face-off versus Kyle Turris in Nordiques zone.
4:10 of 3rd period - Snap shot by Ivan Barbashev.
4:10 of 3rd period - Shot Misses the Net.
4:12 of 3rd period - Slapshot by P.K. Subban.
4:12 of 3rd period - Stopped by Jonathan Bernier without a rebound.
4:13 of 3rd period - Ivan Barbashev wins face-off versus Ryan O'Reilly in Nordiques zone.
4:20 of 3rd period - Snap shot by Artturi Lehkonen.
4:20 of 3rd period - Stopped by Jonathan Bernier without a rebound.
4:21 of 3rd period - Ryan O'Reilly wins face-off versus Evgeni Malkin in Nordiques zone.
5:14 of 3rd period - Tom Gilbert is hit by Darnell Nurse and loses puck.
5:33 of 3rd period - Darnell Nurse is hit by Evander Kane and loses puck.
6:28 of 3rd period - Slapshot by Patrik Berglund.
6:28 of 3rd period - Shot Blocked by Filip Forsberg.
6:47 of 3rd period - Off-side.
6:48 of 3rd period - Evgeni Malkin wins face-off versus Ryan O'Reilly in neutral zone.
7:36 of 3rd period - Icing by Alexander Wennberg.
7:37 of 3rd period - Kyle Turris wins face-off versus Vincent Trocheck in Nordiques zone.
7:46 of 3rd period - Slapshot by Kyle Turris.
7:46 of 3rd period - Shot Misses the Net.
7:48 of 3rd period - Slapshot by Tom Gilbert.
7:48 of 3rd period - Deflect By Charlie Coyle.
7:48 of 3rd period - Stopped by Tristan Jarry with a rebound.
7:52 of 3rd period - Snap shot by Kyle Turris.
7:52 of 3rd period - Stopped by Tristan Jarry with a rebound.
7:54 of 3rd period - Snap shot by Kyle Turris.
7:54 of 3rd period - Shot Blocked by Charlie Coyle.
8:31 of 3rd period - Artturi Lehkonen is hit by Sebastian Aho and loses puck.
8:44 of 3rd period - Sebastian Aho is hit by Artturi Lehkonen.
8:49 of 3rd period - Icing by Shayne Gostisbehere.
8:50 of 3rd period - Evgeni Malkin wins face-off versus Ryan O'Reilly in Nordiques zone.
8:53 of 3rd period - Wrist shot by Patrick Kane.
8:53 of 3rd period - Goal by Patrick Kane - Flyers : 4 - Nordiques : 3.
8:54 of 3rd period - Patrik Berglund wins face-off versus Evgeni Malkin in neutral zone.
8:57 of 3rd period - Slapshot by Shayne Gostisbehere.
8:57 of 3rd period - Stopped by Tristan Jarry with a rebound.
8:59 of 3rd period - Snap shot by Jaromir Jagr.
8:59 of 3rd period - Goal by Jaromir Jagr - Flyers : 4 - Nordiques : 4.
9:00 of 3rd period - Evgeni Malkin wins face-off versus Jaromir Jagr in neutral zone.
9:03 of 3rd period - Patrik Berglund is hit by Brandon Carlo.
9:11 of 3rd period - Wrist shot by Evgeni Malkin.
9:11 of 3rd period - Shot Blocked by Shayne Gostisbehere.
9:17 of 3rd period - Snap shot by Evgeni Malkin.
9:17 of 3rd period - Deflect By Patrick Kane.
9:17 of 3rd period - Stopped by Jonathan Bernier without a rebound.
9:18 of 3rd period - Elias Lindholm wins face-off versus Ryan O'Reilly in Nordiques zone.
10:18 of 3rd period - Wrist shot by Evgeni Malkin.
10:18 of 3rd period - Stopped by Jonathan Bernier without a rebound.
10:19 of 3rd period - Kyle Turris wins face-off versus Evgeni Malkin in Nordiques zone.
10:51 of 3rd period - Minor Penalty to Kyle Turris for Tripping.
10:52 of 3rd period - Patrik Berglund wins face-off versus Vincent Trocheck in Nordiques zone.
12:12 of 3rd period - Icing by TJ Brodie.
12:13 of 3rd period - Evgeni Malkin wins face-off versus Derek MacKenzie in Flyers zone.
12:30 of 3rd period - Tom Gilbert is hit by Evgeni Malkin and loses puck.
12:35 of 3rd period - Slapshot by Evgeni Malkin.
12:35 of 3rd period - Shot Blocked by Luke Glendening.
12:37 of 3rd period - Snap shot by TJ Brodie.
12:37 of 3rd period - Stopped by Jonathan Bernier with a rebound.
12:49 of 3rd period - Slapshot by Evgeni Malkin.
12:49 of 3rd period - Stopped by Jonathan Bernier without a rebound.
12:50 of 3rd period - Vincent Trocheck wins face-off versus Patrik Berglund in Nordiques zone.
12:51 of 3rd period - Penalty to Kyle Turris is over, Kyle Turris is back on ice.
13:10 of 3rd period - Slapshot by Morgan Rielly.
13:10 of 3rd period - Shot Hit the Post.
13:12 of 3rd period - Slapshot by Connor Brown.
13:12 of 3rd period - Stopped by Tristan Jarry with a rebound.
13:14 of 3rd period - Slapshot by Kevin Klein.
13:14 of 3rd period - Shot Blocked by Justin Faulk.
13:16 of 3rd period - Snap shot by Patrik Berglund.
13:16 of 3rd period - Stopped by Tristan Jarry with a rebound.
13:31 of 3rd period - Off-side.
13:32 of 3rd period - Ivan Barbashev wins face-off versus Ryan O'Reilly in neutral zone.
13:34 of 3rd period - Off-side.
13:35 of 3rd period - Ivan Barbashev wins face-off versus Ryan O'Reilly in neutral zone.
13:37 of 3rd period - Off-side.
13:38 of 3rd period - Ryan O'Reilly wins face-off versus Ivan Barbashev in neutral zone.
13:41 of 3rd period - Snap shot by Jamie Benn.
13:41 of 3rd period - Stopped by Tristan Jarry with a rebound.
14:29 of 3rd period - Snap shot by Connor Brown.
14:29 of 3rd period - Stopped by Tristan Jarry with a rebound.
14:31 of 3rd period - Slapshot by John-Michael Liles.
14:31 of 3rd period - Shot Misses the Net.
14:33 of 3rd period - Slapshot by Tom Gilbert.
14:33 of 3rd period - Shot Blocked by TJ Brodie.
14:33 of 3rd period - TJ Brodie from Flyers is injured at 14:33 of 3rd period (Upper Body).
14:34 of 3rd period - Patrik Berglund wins face-off versus Vincent Trocheck in Flyers zone.
14:55 of 3rd period - Minor Penalty to Charlie Coyle for Tripping.
14:56 of 3rd period - Elias Lindholm wins face-off versus Ryan O'Reilly in Flyers zone.
15:09 of 3rd period - Wrist shot by Jamie Benn.
15:09 of 3rd period - Shot Misses the Net.
15:11 of 3rd period - Slapshot by Jared Spurgeon.
15:11 of 3rd period - Shot Misses the Net.
15:13 of 3rd period - Slapshot by Shayne Gostisbehere.
15:13 of 3rd period - Shot Blocked by Michael Matheson.
15:23 of 3rd period - Casey Cizikas is hit by Jared Spurgeon and loses puck.
15:36 of 3rd period - Snap shot by Elias Lindholm.
15:36 of 3rd period - Stopped by Jonathan Bernier with a rebound.
15:38 of 3rd period - Wrist shot by Justin Faulk.
15:38 of 3rd period - Shot Blocked by Alexander Wennberg.
15:40 of 3rd period - Wrist shot by Casey Cizikas.
15:40 of 3rd period - Stopped by Jonathan Bernier without a rebound.
15:41 of 3rd period - Elias Lindholm wins face-off versus Ryan O'Reilly in Nordiques zone.
16:52 of 3rd period - Evander Kane is hit by Casey Cizikas and loses puck.
16:55 of 3rd period - Penalty to Charlie Coyle is over, Charlie Coyle is back on ice.
16:59 of 3rd period - Kyle Turris is hit by Elias Lindholm and loses puck.
17:16 of 3rd period - Snap shot by Jaromir Jagr.
17:16 of 3rd period - Shot Blocked by Leon Draisaitl.
17:18 of 3rd period - Snap shot by Patrik Berglund.
17:18 of 3rd period - Stopped by Tristan Jarry with a rebound.
17:20 of 3rd period - Slapshot by John-Michael Liles.
17:20 of 3rd period - Shot Misses the Net.
17:22 of 3rd period - Slapshot by Kevin Klein.
17:22 of 3rd period - Shot Misses the Net.
19:12 of 3rd period - Snap shot by Jaromir Jagr.
19:12 of 3rd period - Shot Misses the Net.
19:24 of 3rd period - Morgan Rielly is hit by Brendan Perlini and loses puck.
19:39 of 3rd period - Patrik Berglund is hit by Darnell Nurse and loses puck.
Goals for this period are 1 for Flyers vs 1 for Nordiques.
Shots for this period are 12 for Flyers vs 10 for Nordiques.

Overtime #1


0:01 of 1st overtime period - Ryan O'Reilly wins face-off versus Vincent Trocheck in neutral zone.
0:26 of 1st overtime period - Shayne Gostisbehere is hit by Leon Draisaitl and loses puck.
1:09 of 1st overtime period - Snap shot by Patrik Berglund.
1:09 of 1st overtime period - Stopped by Tristan Jarry without a rebound.
1:10 of 1st overtime period - Evgeni Malkin wins face-off versus Patrik Berglund in Flyers zone.
1:43 of 1st overtime period - Snap shot by Ryan O'Reilly.
1:43 of 1st overtime period - Shot Misses the Net.
1:45 of 1st overtime period - Wrist shot by Ryan O'Reilly.
1:45 of 1st overtime period - Stopped by Tristan Jarry with a rebound.
1:47 of 1st overtime period - Wrist shot by Morgan Rielly.
1:47 of 1st overtime period - Shot Misses the Net.
1:49 of 1st overtime period - Wrist shot by Morgan Rielly.
1:49 of 1st overtime period - Stopped by Tristan Jarry with a rebound.
2:27 of 1st overtime period - Snap shot by Sebastian Aho.
2:27 of 1st overtime period - Stopped by Tristan Jarry with a rebound.
2:29 of 1st overtime period - Wrist shot by Sebastian Aho.
2:29 of 1st overtime period - Deflect By Patrik Berglund.
2:29 of 1st overtime period - Shot Misses the Net.
2:29 of 1st overtime period - Puck is out of play.
2:30 of 1st overtime period - Patrik Berglund wins face-off versus Elias Lindholm in Flyers zone.
2:31 of 1st overtime period - Snap shot by Sebastian Aho.
2:31 of 1st overtime period - Goal by Sebastian Aho - Flyers : 4 - Nordiques : 5.
Goals for this period are 0 for Flyers vs 1 for Nordiques.
Shots for this period are 0 for Flyers vs 5 for Nordiques.